 Dungeon Crawl Stone Soup version 0.31-a0-889-g1a8549509d (webtiles) character file.

Game seed: 15027308860496534131

134 Ekaitz the Firebug (level 4, -1/32 HPs)
             Began as a Demonspawn Fire Elementalist on Oct 16, 2023.
             Slain by a sleepcap (6 damage)
             ... on level 4 of the Dungeon.
             The game lasted 00:07:18 (2980 turns).

Ekaitz the Firebug (Demonspawn Fire Elementalist)   Turns: 2980, Time: 00:07:18

Health: -1/32      AC:  5    Str:  8    XL:     4   Next: 95%
Magic:  1/7        EV: 12    Int: 19    God:
Gold:   240        SH:  0    Dex: 13    Spells: 2/8 levels left

rFire   + + .        q - +7 whip "Ofiuluak" {heavy, rElec rF++ Dex-2 Stlth+}
rCold   . . .        (no shield)
rNeg    . . .        a - +0 robe
rPois   .            g - +1 helmet
rElec   +            (no cloak)
rCorr   .            (no gloves)
SInv    .            o - +0 pair of boots
Will    .....        (no amulet)
Stlth   ++++         (no ring)
HPRegen 0.25/turn    (no ring)
MPRegen 0.10/turn

%: no passive effects
@: no status effects
A: claws 1, thin skeletal structure 1, demonic magic 1
a: no special abilities


You were on level 4 of the Dungeon.
You visited 1 branch of the dungeon, and saw 4 of its levels.

You collected 240 gold pieces.

Inventory:

Hand Weapons
 d - a +0 dagger
 q - the +7 whip "Ofiuluak" (weapon) {heavy, rElec rF++ Dex-2 Stlth+}
   (You found it on level 3 of the Dungeon)

   Dex-2:     It affects your dexterity (-2).
   rF++:      It greatly protects you from fire.
   rElec:     It insulates you from electricity.
   Stlth+:    It makes you more stealthy.
Missiles
 h - 6 poisoned darts
Armour
 a - a +0 robe (worn)
 g - a +1 helmet (worn)
 o - a +0 pair of boots (worn)
 y - a scarf of harm
Magical Staves
 p - a staff of earth
Talismans
 m - a storm talisman
Scrolls
 f - a scroll of butterflies {unknown}
 j - 3 scrolls of noise {unknown}
 k - 5 scrolls of identify {unknown}
 n - a scroll of vulnerability {unknown}
 r - a scroll of enchant weapon {unknown}
 t - a scroll of blinking {unknown}
 u - a scroll of torment {unknown}
 x - a scroll of poison {unknown}
Potions
 b - a potion of magic
 c - 2 potions of heal wounds {unknown}
 e - 3 potions of curing {unknown}
 i - a potion of lignification {unknown}
 l - a potion of haste {unknown}
 s - a potion of brilliance {unknown}
 v - a potion of might {unknown}
 w - a potion of resistance {unknown}


   Skills:
 * Level 1.5 Fighting
 + Level 0.1 Short Blades
 * Level 2.1 Dodging
 + Level 2.3 Stealth
 + Level 2.6 Spellcasting
 * Level 1.3 Conjurations
 * Level 1.0 Translocations
 * Level 3.6 Fire Magic


You had 2 spell levels left.
You knew the following spells:

 Your Spells              Type           Power      Damage    Failure   Level
a - Foxfire               Conj/Fire      48%        2x1d6     5%          1
b - Scorch                Fire           32%        2d6       5%          2
c - Volatile Blastmotes   Fire/Tloc      22%        2d11      19%         3

Your spell library contained the following spells:

 Spells                   Type           Power      Damage    Failure   Level
 Lesser Beckoning         Tloc           12%        N/A       16%         2
 Inner Flame              Hex/Fire       9%         N/A       22%         3
 Ignite Poison            Fire/Tmut/Pois 7%         N/A       28%         3
 Gell's Gravitas          Tloc           6%         N/A       30%         3
 Teleport Other           Tloc           6%         N/A       30%         3
 Flame Wave               Conj/Fire      12%        2d6       50%         4
 Sticky Flame             Conj/Fire      12%        2d4       50%         4
 Summon Ice Beast         Ice/Summ       2%         N/A       85%         4
 Summon Mana Viper        Hex/Summ       2%         N/A       99%         5
 Monstrous Menagerie      Summ           1%         N/A       100%        7
 Ignition                 Fire           8%         3d5       100%        8


Dungeon Overview and Level Annotations

Branches:
Dungeon (4/15)
 Temple: D:4-7

Altars:

Shops:
D:1 ([*?!   D:3 !

Annotations:
D:4 Ijyb


Innate Abilities, Weirdness & Mutations

You have sharp fingernails.
You have a somewhat thin skeletal structure. (Dex +2, Stealth+)
Spells you cast may paralyse adjacent enemies.


Message History

You hit the sleepcap but do no damage.
The sleepcap is moderately damaged.
The foxfire hits the sleepcap.
The sleepcap is heavily damaged.
The foxfire hits the sleepcap.
The sleepcap is heavily damaged.
The sleepcap releases spores at you.
You hit the sleepcap but do no damage.
The sleepcap is heavily damaged.
The sleepcap releases spores at you.
You are engulfed in a cloud of soporific spores!
You fall asleep.
The sleepcap releases spores at you!
You wake up.
Ouch! That really hurt!
Unknown command.
Unknown command.
Casting: Foxfire (safe; 5% risk of failure)
Confirm with . or Enter, or press ? or * to list all spells.
You conjure some foxfire!
Malevolent energies surge around you.
You hit the sleepcap but do no damage.
The sleepcap is heavily damaged.
The foxfire hits the sleepcap but does no damage.
The sleepcap is heavily damaged.
The foxfire hits the sleepcap but does no damage.
The sleepcap is heavily damaged.
The sleepcap closely misses you.
You feel clumsy.
q - the +7 whip "Ofiuluak" (weapon)
{heavy, rElec rF++ Dex-2 Stlth+} The sleepcap releases spores at you.
You are engulfed in a cloud of soporific spores!
You fall asleep.
The sleepcap releases spores at you!
You wake up.
* * * LOW HITPOINT WARNING * * *
You are engulfed in a cloud of soporific spores!
You are unaffected.
Unknown command.
You hit the sleepcap.
The sleepcap is severely damaged.
The sleepcap releases spores at you.
You die...

##..###....##
##...# ..###
#...## ..#
##..## .#
##..## # ##
##...# .#
##.##...## ..#
#...#..##
##.... #....@##
#...... #....f#
##.....#
##....####....#
##.....#.....##
#..[.......###
#.#####.#### ##
###


You could see a sleepcap.

Vanquished Creatures
  Terence (D:2)
  3 adders
  A worm (D:2)
  2 dart slugs (D:2)
  3 orcs (D:3)
  2 bats
  6 endoplasms
  2 giant cockroaches
  8 goblins
  10 hobgoblins
  2 jackals (D:2)
  4 quokkas
  8 ball pythons
  6 frilled lizards
  4 kobolds
  5 rats
67 creatures vanquished.

Vanquished Creatures (others)
  132 foxfires
132 creatures vanquished.

Grand Total: 199 creatures vanquished

Notes
Turn   | Place    | Note
-------+----------+-------------------------------------------
     0 | D:1      | Ekaitz the Demonspawn Fire Elementalist began the quest for
                  | the Orb.
     0 | D:1      | Reached XP level 1. HP: 13/13 MP: 3/3
    22 | D:1      | Found Teqak's Antique Weapon Boutique.
   235 | D:1      | Reached skill level 1 in Fighting
   235 | D:1      | Reached skill level 3 in Fire Magic
   235 | D:1      | Gained mutation: You have a somewhat thin skeletal
                  | structure. (Dex +2, Stealth+) [demonic ancestry]
   235 | D:1      | Reached XP level 2. HP: 21/21 MP: 3/5
   238 | D:1      | Learned a level 2 spell: Scorch
   305 | D:1      | Found Etyd's Armour Boutique.
   377 | D:1      | Found Faodice's General Store.
   378 | D:1      | Found Guduppe's Magic Scroll Shop.
   506 | D:1      | Found Coxuo's Distillery.
   922 | D:2      | Gained mutation: Spells you cast may paralyse adjacent
                  | enemies. [demonic ancestry]
   922 | D:2      | Reached XP level 3. HP: 12/26 MP: 0/6
   926 | D:2      | Learned a level 3 spell: Volatile Blastmotes
  1222 | D:2      | Noticed Terence
  1230 | D:2      | Killed Terence
  1362 | D:2      | Gained mutation: You have sharp fingernails. [demonic
                  | ancestry]
  1362 | D:2      | Reached XP level 4. HP: 32/32 MP: 0/7
  2121 | D:3      | Identified the +7 whip "Ofiuluak" {heavy, rElec rF++ Dex-2
                  | Stlth+}
  2229 | D:3      | Reached skill level 1 in Translocations
  2802 | D:3      | Found Kehuigg's Distillery.
  2936 | D:4      | Noticed Ijyb
  2980 | D:4      | Slain by a sleepcap

Illustrated notes

Levels and vault maps discovered:
D:1:      nzn_arrival_depleted_hourglass, layout_rooms, serial_shops, shop,
          shop, shop, nicolae_diamond_shop, shop, dreamdust_wishing_well
D:2:      layout_basic, kennysheep_nub, uniq_terence
D:3:      layout_loops_ring, serial_shops, shop
D:4:      layout_cave_pods, nicolae_ru_the_path_less_chosen, uniq_ijyb

Skill      XL: |  1  2  3  4 |
---------------+-------------+-----
Fighting       | 1 |  1.5
Fire Magic     | 3 |  3.6
Dodging        | 2 |  2.1
Stealth        | 2 |  2.3
Translocations | 1 |  1.0
Short Blades   | |  0.1
Spellcasting   | |  2.6
Conjurations   | |  1.3

Action                     |  1- 3 |  4- 6 || total
---------------------------+-------+-------++-------
  Melee: Dagger            |    24 |    28 ||    52
         Whip              |       |     1 ||     1
   Cast: Foxfire           |    39 |    37 ||    76
         Scorch            |     6 |     9 ||    15
   Stab: Sleeping          |     6 |     7 ||    13
         Paralysed         |     2 |     4 ||     6
 Armour: Robe              |    11 |    20 ||    31
  Dodge: Dodged            |     9 |    15 ||    24

Table legend: (Time is in decaauts)
 A = Elapsed time spent in this place.
 B = Non-inter-level travel time spent in this place.
 C = Inter-level travel time spent in this place.
 D = Time resting spent in this place.
 E = Time spent auto-exploring this place.
 F = Levels seen in this place.
 G = Mean time per level.
                   A        B        C        D        E       F      G
               +--------+--------+--------+--------+--------+-----+--------+
         Total |   2977 |   2903 |     74 |     13 |   2369 |   4 |  744.2 |
       Dungeon |   2977 |   2903 |     74 |     13 |   2369 |   4 |  744.2 |
               +--------+--------+--------+--------+--------+-----+--------+

Top non-repeatable levels by time:
     D:2: 1235 daAuts
     D:3: 869 daAuts
     D:1: 828 daAuts
     D:4: 43 daAuts
